Map: Simulacrum LE

Players

Ziggy

  • Race: Terran Terran
  • Spawn Location: 5:00

ShaDoWn - Winner!

  • Race: Protoss Protoss
  • Spawn Location: 11:00

Event: IEM Katowice 2020

VOD

Have the link to the VOD?

Description

Time

  • Played on: Feb. 24, 2020, 5:02 a.m.
  • Length: 5:07

All games in this series

Show
View Real Time Build Order
Export as new Build Order

Ziggy Terran 

Build Orders: 1/1/1, Liberator Opening 

Get SALT Encoding   

  12  0:00  SCV  
  13  0:12  SCV  
  14  0:17  Supply Depot  
  14  0:25  SCV  
  15  0:29  Refinery  
  15  0:43  Barracks  
  15  0:48  SCV  
  16  0:55  Refinery  
  16  1:00  SCV  
  17  1:12  SCV  
  18  1:24  SCV  
  19  1:29  Marine  
  19  1:31  Factory  
  20  1:41  Orbital Command  
  20  1:47  Barracks Reactor  
  20  1:55  Supply Depot  
  20  2:16  Factory Tech Lab  
  20  2:23  Starport, Marine x2  
  22  2:31  Supply Depot  
  22  2:38  Siege Tank  
  22  2:41  Marine  
  26  2:48  Marine  
  27  3:01  Medivac  
  29  3:06  Marine  
  29  3:12  Siege Tank  
  32  3:24  Marine  
  33  3:30  Supply Depot  
  33  3:33  Liberator  
  36  3:46  Marine  
  37  3:52  Siege Tank  
  40  4:03  SCV, Marine  
  41  4:21  Marine  
  35  4:34  Siege Tank  
  34  4:39  Marine  
  34  4:52  SCV  
Show
View Real Time Build Order
Export as new Build Order

ShaDoWn Protoss - Winner!

Build Orders:  

Get SALT Encoding   

  12  0:00  Probe  
  13  0:12  Probe  
  14  0:17  Pylon  
  14  0:25  Probe (Chrono Boost)  
  15  0:36  Gateway  
  15  0:37  Probe (Chrono Boost)  
  16  0:45  Probe (Chrono Boost)  
  16  0:46  Assimilator  
  17  0:51  Probe  
  18  1:03  Probe  
  19  1:15  Probe  
  20  1:23  Cybernetics Core  
  20  1:24  Zealot  
  22  1:26  Pylon  
  22  1:35  Probe  
  23  1:47  Probe  
  24  1:57  Stalker (Chrono Boost)  
  24  2:00  Assimilator  
  26  2:08  Probe  
  27  2:19  Stalker, Nexus  
  27  2:20  Probe  
  29  2:29  Pylon  
  29  2:32  Probe  
  30  2:39  Warp Gate (Chrono Boost)  
  30  2:46  Gateway  
  30  2:53  Robotics Facility  
  30  3:01  Stalker  
  32  3:20  Gateway  
  32  3:23  Shield Battery  
  32  3:31  Stalker  
  34  3:36  Stalker  
  34  3:45  Immortal (Chrono Boost)  
  38  4:05  Pylon  
  38  4:19  Adept x2  
  42  4:25  Probe  
  42  4:27  Zealot  
  41  4:37  Probe  
  42  4:39  Stalker  
  42  4:43  Stalker  
  46  4:49  Probe  
  47  4:53  Stalker  

Tags
 
Add a new tag
Caveats
  • Supply blocks, unpowered buildings, or Contaminate may cause inaccurate times.
  • Supply counts are checked every 10 seconds.